 Dungeon Crawl Stone Soup version 0.18.1-50-g88ac8fd (webtiles) character file.

782 Drunkenshrew the Magician (level 7, -3/60 HPs)
             Began as a Black Draconian Skald on Oct 3, 2016.
             Was an Initiate of Ashenzari.
             Killed themself with a bounced bolt of lightning (7 damage)
             ... on level 4 of the Dungeon.
             The game lasted 00:16:04 (4272 turns).

Drunkenshrew the Magician (Black Draconian Skald)   Turns: 4272, Time: 00:16:08

Health: -3/60      AC:  6    Str: 15    XL:     7   Next: 55%
Magic:  13/14      EV: 12    Int: 14    God:    Ashenzari [......]
Gold:   97         SH:  0    Dex: 10    Spells: 2 memorised, 12 levels left

rFire  . . .     SeeInvis .     k - +2 falchion (holy)
rCold  . . .     Gourm    .     (armour unavailable)
rNeg   . . .     Faith    .     (no shield)
rPois  .         Spirit   .     (helmet restricted)
rElec  +         Dismiss  .     (no cloak)
rCorr  .         Reflect  .     (no gloves)
SustAt .         Harm     .     (no boots)
MR     .....                    (no amulet)
Stlth  ++........               (no ring)
                                (no ring)

@: about to teleport, not resistant to hostile enchantments, unstealthy
A: breathe lightning, unfitting armour, electricity resistance, cold-blooded, AC
+6
a: Breathe Lightning, Curse Item, Renounce Religion


You were on level 4 of the Dungeon.
You worshipped Ashenzari.
Ashenzari was noncommittal.
You were not hungry.

You visited 2 branches of the dungeon, and saw 6 of its levels.

You collected 97 gold pieces.

Inventory:

Hand Weapons
 e - a +0 dagger of venom
 k - a +2 falchion of holy wrath (weapon)
Wands
 a - a wand of flame (17/48)
Scrolls
 g - 3 scrolls of remove curse
 h - a scroll of amnesia
 i - a scroll of identify
Potions
 d - a potion of cancellation
 f - 2 potions of haste
 m - 2 potions of flight
Books
 b - a book of Battle

   Spells                             Type                      Level
   a - Infusion                       Charms                       1
   b - Shroud of Golubria             Charms/Translocation         2
   c - Song of Slaying                Charms                       2
   d - Spectral Weapon                Hexes/Charms                 3
   e - Regeneration                   Charms/Necromancy            3
Comestibles
 c - 3 bread rations
 j - 2 royal jellies
 p - a meat ration


   Skills:
 - Level 4.3 Fighting
 - Level 3.3 Long Blades
   Level 2.0 Axes
 - Level 2.1 Dodging
 - Level 2.0 Stealth
 + Level 5.1 Spellcasting
 - Level 3.8 Charms


You had 12 spell levels left.
You knew the following spells:

 Your Spells              Type           Power        Failure   Level  Hunger
a - Infusion              Chrm           ##..         3%          1    None
b - Regeneration          Chrm/Necr      #.........   24%         3    ###....


Dungeon Overview and Level Annotations

Branches:
Dungeon (5/15)             Temple (1/1) D:4

Altars:
Ashenzari
Dithmenos
Elyvilon
Fedhas
Gozag
Kikubaaqudgha
Okawaru
Qazlal
Sif Muna
Trog
Vehumet
Yredelemnul


Innate Abilities, Weirdness & Mutations

You can breathe wild blasts of lightning.
Your glossy black scales are hard (AC +6).
Your body does not fit into most forms of armour.
You are resistant to electric shocks.
You are cold-blooded and may be slowed by cold attacks.


Message History

You breathe a wild blast of lightning!
You hear a mighty clap of thunder!
The bolt of lightning misses you.
The bolt of lightning hits the gnoll shaman.
You kill the gnoll shaman!
The bolt of lightning hits the gnoll.
You kill the gnoll!
Your Spellcasting skill increases to level 5!
The bolt of lightning hits the gnoll.
You kill the gnoll!
The orb of electricity explodes!
The orb of electricity engulfs the gnoll.
You kill the gnoll!
The orb of electricity engulfs you! You resist.
* * * LOW HITPOINT WARNING * * *
You hear a mighty clap of thunder!
The bolt of lightning hits the gnoll.
You kill the gnoll!
The bolt of lightning hits you! You resist.
You die...

.....⌠.⌠...###.##
#...#........
#...8.>.8..# #..#
#...#########
#....⌠.⌠...# #..#
#...# #...8.8.8..#
#..## #...#########
#..........# #...#
#............
########...#
#.#.####.#.#########
#####
#...............(#
###)####..g....#.#
#@)#....g..#.#.#
##)#.###g#.#.#.#
#)#.# #.#.#.#)#
####)#.###.#.#.#g#
#..........#.#.#g#
#......g<....#.#.#
#..........###.#.#
#..............#.#
#..........#####.# .


There were no monsters in sight!

Vanquished Creatures
  The ghost of tschems the Skirmisher, an amateur HuBe of Trog (D:3)
  A giant frog (D:4)
  2 scorpions (D:4)
  A water moccasin skeleton (D:4)
  2 orc priests
  2 gnoll shamans (D:4)
  A hound (D:4)
  2 orc wizards
  2 worker ants (D:4)
  9 gnolls (D:4)
  8 adders
  An ooze (D:2)
  A worm (D:3)
  A dart slug (D:3)
  2 giant geckos
  11 orcs
  5 bats (D:1)
  5 giant cockroaches
  8 goblins
  4 hobgoblins
  A jackal (D:3)
  3 quokkas (D:4)
  A giant newt (D:2)
  5 kobolds (D:2)
  8 rats
87 creatures vanquished.

Vanquished Creatures (others)
  A bat (D:2)
1 creature vanquished.

Grand Total: 88 creatures vanquished

Notes
Turn   | Place    | Note
--------------------------------------------------------------
     0 | D:1      | Drunkenshrew the Draconian Skald began the quest for the Orb.
     0 | D:1      | Reached XP level 1. HP: 17/17 MP: 3/3
   204 | D:1      | Reached XP level 2. HP: 24/24 MP: 5/5
   247 | D:1      | Reached skill level 1 in Stealth
   947 | D:2      | Reached XP level 3. HP: 29/29 MP: 2/6
  1038 | D:2      | Found a stormy altar of Qazlal.
  1368 | D:2      | Reached skill level 1 in Long Blades
  1601 | D:3      | Noticed tschems's ghost (amateur HuBe)
  1607 | D:3      | Killed tschems's ghost
  1607 | D:3      | Reached XP level 4. HP: 27/37 MP: 3/7
  1607 | D:3      | Reached XP level 5. HP: 31/42 MP: 3/8
  2369 | D:4      | Reached XP level 6. HP: 49/53 MP: 3/9
  2666 | D:3      | Learned a level 1 spell: Infusion
  2787 | D:3      | Learned a level 3 spell: Regeneration
  2820 | D:4      | Found a staircase to the Ecumenical Temple.
  2830 | Temple   | Entered the Ecumenical Temple
  2846 | Temple   | Became a worshipper of Ashenzari the Shackled
  3004 | D:4      | Reached skill level 3 in Spellcasting
  3007 | D:4      | Found a radiant altar of Vehumet.
  3340 | D:4      | You fall through a shaft!
  3340 | D:5      | Entered Level 5 of the Dungeon
  3440 | D:4      | Your scales start taking on a glossy black colour.
  3440 | D:4      | Reached XP level 7. HP: 21/60 MP: 4/12
  3440 | D:4      | Gained mutation: You are resistant to electric shocks. [Black Draconian growth]
  3792 | D:4      | Reached skill level 4 in Spellcasting
  4272 | D:4      | Reached skill level 5 in Spellcasting
  4272 | D:4      | Killed themself with a bounced bolt of lightning

Skill      XL: |  1  2  3  4  5  6  7 |
---------------+----------------------+-----
Dodging        | 2 |  2.1
Stealth        | 2 |  2.0
Long Blades    | 3 |  3.3
Fighting       | 4 |  4.3
Charms         | 3 |  3.8
Spellcasting   | 3 5 |  5.1
Axes           | |  2.0

Action                   |  1- 3 |  4- 6 |  7- 9 || total
-------------------------+-------+-------+-------++-------
Melee: Hand axe          |    53 |       |       ||    53
       Tailslap          |     8 |    13 |     8 ||    29
       Falchion          |    35 |   146 |    64 ||   245
 Cast: Infusion          |    16 |    11 |     6 ||    33
       Regeneration      |       |       |     2 ||     2
  Use: Scroll            |       |    10 |     3 ||    13
 Stab: Sleeping          |     2 |       |       ||     2
  Eat: Chunk             |     2 |     6 |     4 ||    12
Armor: Skin              |    23 |    40 |    13 ||    76
Dodge: Dodged            |    64 |    87 |    40 ||   191
